 Dungeon Crawl Stone Soup version 0.19-a0-1899-g2d93087 (webtiles) character file.

81 KarmaPolice the Vandal (level 4, -3/30 HPs)
             Began as a Halfling Hunter on Oct 19, 2016.
             Slain by a scorpion (11 damage)
             ... on level 3 of the Dungeon.
             The game lasted 00:04:49 (2173 turns).

KarmaPolice the Vandal (Halfling Hunter)            Turns: 2173, Time: 00:04:50

Health: -3/30      AC:  5    Str: 13    XL:     4   Next: 67%
Magic:  4/4        EV: 14    Int:  9    God:
Gold:   165        SH:  0    Dex: 15    Spells: 0 memorised, 3 levels left

rFire  . . .     SeeInvis .     x - +0 blowgun (curse)
rCold  . . .     Gourm    .     c - +0 leather armour
rNeg   . . .     Faith    .     (shield restricted)
rPois  .         Spirit   .     i - +0 helmet
rElec  .         Reflect  .     h - +0 cloak
rCorr  .         Harm     .     (no gloves)
MR     .....                    (no boots)
Stlth  ++........               (no amulet)
                                (no ring)
                                (no ring)

@: lethally poisoned (-3 -> -7)
A: mutation resistance 1
a: no special abilities


You were on level 3 of the Dungeon.
You were not hungry.

You visited 1 branch of the dungeon, and saw 3 of its levels.

You collected 165 gold pieces.

Inventory:

Hand Weapons
 a - a +1 hunting sling
 b - a +0 short sword
 q - a cursed -2 hunting sling
 x - a cursed +0 blowgun (weapon)
Missiles
 d - 38 sling bullets
 n - 38 stones
 o - 7 needles of frenzy (quivered)
 y - 7 poisoned needles
Armour
 c - a +0 leather armour (worn)
 h - a +0 cloak (worn)
 i - a +0 helmet (worn)
Scrolls
 e - a scroll of immolation {unknown}
 k - a scroll of remove curse {unknown}
 l - a scroll of fog {unknown}
 r - a scroll of enchant weapon {unknown}
 w - 2 scrolls of identify {unknown}
Potions
 g - 2 potions of brilliance {unknown}
 j - 3 potions of degeneration {unknown}
 m - 2 potions of mutation {unknown}
 p - a potion of invisibility {unknown}
 s - 3 potions of haste {unknown}
 t - a potion of flight {unknown}
 u - a potion of cure mutation {unknown}
Comestibles
 f - 4 bread rations
 v - 3 chunks of flesh


   Skills:
 + Level 2.5 Fighting
 + Level 2.0 Short Blades
 + Level 6.6 Slings
 - Level 2.1 Dodging
 + Level 2.3 Stealth


You had 3 spell levels left.
You didn't know any spells.

Dungeon Overview and Level Annotations

Branches:
Dungeon (3/15)

Altars:


Innate Abilities, Weirdness & Mutations

You are small and have problems with some larger weapons.
You are somewhat resistant to further mutation.


Message History

You kill the bat!
Your Short Blades skill increases to level 2!
The scorpion stings you.
You are poisoned.
The scorpion poisons you!
You feel sick.
You feel sick.
You feel sick.
Wield which item (- for none, * to show all)? (? for menu, Esc to quit)
It sticks to your hand!
x - a cursed +0 blowgun (weapon)
You feel sick.
Firing (i - inventory. (,) - cycle):
o - 8 needles of frenzy (quivered)
Press: ? - help, Shift-Dir - straight line, f - scorpion
Aim: a scorpion You shoot a needle of frenzy.
The needle of frenzy hits the scorpion.
The scorpion flies into a frenzy!
The scorpion stings you!
You feel sick. The scorpion misses you.
You feel sick. The scorpion stings you!
You die...

.........# .........#
.........############
>........'.........>#
.........######.#####
+######### #.# #.#
#.####### #.@s..(.# #
#######.##.# #.....#
#..####.# #.......#
#..†##### #s.%..#
#.#...# #....#..


You could see a neutral scorpion (insane).

Vanquished Creatures
  A gnoll (D:1)
  2 adders (D:2)
  2 oozes (D:1)
  7 bats
  2 giant cockroaches
  5 goblins
  6 hobgoblins
  3 quokkas
  8 frilled lizards
  5 kobolds
  A quokka skeleton (D:3)
  5 rats
47 creatures vanquished.

Notes
Turn   | Place    | Note
-------+----------+-------------------------------------------
     0 | D:1      | KarmaPolice the Halfling Hunter began the quest for the Orb.
     0 | D:1      | Reached XP level 1. HP: 14/14 MP: 1/1
   144 | D:1      | Reached skill level 6 in Slings
   150 | D:1      | Reached XP level 2. HP: 9/19 MP: 2/2
   501 | D:1      | Reached XP level 3. HP: 24/24 MP: 3/3
   512 | D:1      | Reached skill level 1 in Short Blades
  1015 | D:2      | Reached XP level 4. HP: 29/29 MP: 4/4
  2173 | D:3      | Slain by a scorpion

Vault maps used:
D:1:      mainiacjoe_arrival_reflecting_pool
D:2:      first_bread, minmay_misc_feat_roman
D:3:      minmay_misc_feat_enclosed

Skill      XL: |  1  2  3  4 |
---------------+-------------+-----
Slings         | 6 |  6.6
Fighting       | 2 |  2.5
Short Blades   | 1 2 |  2.0
Stealth        | 2 |  2.3
Dodging        | |  2.1

Action                   |  1- 3 |  4- 6 || total
-------------------------+-------+-------++-------
Melee: Short sword       |    87 |   117 ||   204
 Fire: Hunting sling     |     8 |     1 ||     9
       Blowgun           |       |     1 ||     1
 Stab: Sleeping          |     5 |     1 ||     6
  Eat: Chunk             |       |     4 ||     4
Armor: Leather armour    |    31 |    27 ||    58
Dodge: Dodged            |    67 |    98 ||   165
